 Dungeon Crawl Stone Soup version 0.30.0-10-gfe55d96785 (webtiles) character file.

Game seed: 5656976301530720165

149 sweetbreads the Digger (level 5, -6/30 HPs)
             Began as a Gargoyle Earth Elementalist on May 15, 2023.
             Blown up by Ijyb (13 damage)
             ... with a mindburst bolt
             ... on level 3 of the Dungeon.
             The game lasted 00:11:48 (2557 turns).

sweetbreads the Digger (GrEE)                       Turns: 2557, Time: 00:11:51

Health: -6/30      AC: 11    Str: 12    XL:     5   Next: 31%
Magic:  3/8        EV: 17    Int: 17    God:
Gold:   134        SH:  0    Dex: 10    Spells: 0/8 levels left

rFire   . . .        h - +0 mace
rCold   . . .        (no shield)
rNeg    + . .        a - +0 robe
rPois   ∞            (no helmet)
rElec   +            (no cloak)
rCorr   .            (no gloves)
SInv    .            f - +0 pair of boots
Will    .....        (no amulet)
Stlth   ++           u - +4 ring of protection
HPRegen 0.25/turn    p - +5 ring of evasion
MPRegen 0.11/turn

%: no passive effects
@: no status effects
A: sickness immunity, AC +4, negative energy resistance 1, electricity
resistance, torment resistance 1, petrification resistance
a: no special abilities


You were on level 3 of the Dungeon.
You visited 1 branch of the dungeon, and saw 5 of its levels.

You collected 134 gold pieces.

Inventory:

Hand Weapons
 e - a +0 club
 h - a +0 mace (weapon)
 k - a +2 long sword of electrocution
Armour
 a - a +0 robe (worn)
 f - a +0 pair of boots (worn)
Jewellery
 d - a ring of flight
 p - a +5 ring of evasion (right hand)
 u - a +4 ring of protection (left hand)
Scrolls
 c - 3 scrolls of identify {unknown}
 g - a scroll of teleportation {unknown}
 i - a scroll of immolation {unknown}
 m - a scroll of magic mapping {unknown}
 n - a scroll of enchant armour {unknown}
 o - a scroll of vulnerability {unknown}
 r - a scroll of fog {unknown}
 t - a scroll of butterflies {unknown}
 v - a scroll of fear {unknown}
Potions
 b - a potion of magic
 j - 2 potions of flight {unknown}
 l - 3 potions of curing {unknown}
 q - a potion of mutation {unknown}
 s - a potion of ambrosia {unknown}
 w - a potion of might {unknown}
 x - a potion of cancellation {unknown}


   Skills:
 * Level 1.9 Fighting
 * Level 2.1 Dodging
 * Level 2.9 Stealth
 - Level 2.0 Spellcasting
 * Level 1.5 Conjurations
 * Level 1.3 Transmutations
 + Level 5.1 Earth Magic


You couldn't memorise any spells.
You knew the following spells:

 Your Spells              Type           Power      Damage    Failure   Level
a - Sandblast             Erth           38%        2d10      2%          1
b - Stone Arrow           Conj/Erth      26%        3d8       14%         3
c - Petrify               Tmut/Erth      12%        N/A       45%         4

Your spell library contained the following spells:

 Spells                   Type           Power      Damage    Failure   Level
 Passwall                 Tmut/Erth      10%        N/A       8%          2
 Ensorcelled Hibernation  Hex/Ice        2%         N/A       28%         2
 Swiftness                Air            1%         N/A       50%         3


Dungeon Overview and Level Annotations

Branches:
Dungeon (5/15)
 Temple: D:4-7

Altars:
Ru

Shops:
D:2 [

Annotations:
D:3 Ijyb
D:4 Pikel


Innate Abilities, Weirdness & Mutations

You are immune to sickness and miasma.
Your stone body is resilient. (AC +4)
You are immune to poison.
You resist negative energy. (rN+)
You are resistant to electric shocks. (rElec)
You are resistant to unholy torment.
You are immune to petrification.


Message History

The blast of sand hits Ijyb.
Ijyb is lightly wounded.
Casting: Sandblast (safe; 2% risk of failure)
Confirm with . or Enter, or press ? or * to list all spells.
Aiming: Sandblast (safe; 2% risk of failure)
Press: ? - help, Shift-Dir - straight line, f/p - Ijyb
Aim: Ijyb, wielding a +2 spectral club, wearing a +0 leather armour and carrying a wand of mindburst (16) (lightly wounded, 77% to hit)
The blast of sand hits Ijyb but does no damage.
Ijyb is lightly wounded.
Unknown command.
Casting: Sandblast (safe; 2% risk of failure)
Confirm with . or Enter, or press ? or * to list all spells.
Aiming: Sandblast (safe; 2% risk of failure)
Press: ? - help, Shift-Dir - straight line, f/p - Ijyb
Aim: Ijyb, wielding a +2 spectral club, wearing a +0 leather armour and carrying a wand of mindburst (16) (lightly wounded, 77% to hit)
The blast of sand hits Ijyb.
Ijyb is lightly wounded.
Ijyb zaps a wand.
Your mind is blasted!
Unknown command.
Casting: Sandblast (safe; 2% risk of failure)
Confirm with . or Enter, or press ? or * to list all spells.
Aiming: Sandblast (safe; 2% risk of failure)
Press: ? - help, Shift-Dir - straight line, f/p - Ijyb
Aim: Ijyb, wielding a +2 spectral club, wearing a +0 leather armour and carrying a wand of mindburst (15) (lightly wounded, 77% to hit)
The blast of sand hits Ijyb!
Ijyb is heavily wounded.
Ijyb drinks a potion.
Ijyb is healed!
Ijyb zaps a wand.
Your mind is blasted!
Ouch! That really hurt!
* * * LOW HITPOINT WARNING * * *
Unknown command.
Unknown command.
Casting: Sandblast (safe; 2% risk of failure)
Confirm with . or Enter, or press ? or * to list all spells.
Aiming: Sandblast (safe; 2% risk of failure)
Press: ? - help, Shift-Dir - straight line, f/p - Ijyb
Aim: Ijyb, wielding a +2 spectral club, wearing a +0 leather armour and carrying a wand of mindburst (14) (77% to hit)
The blast of sand hits Ijyb.
Ijyb is lightly wounded.
Ijyb zaps a wand.
Your mind is blasted!
You die...

#.#.#.#
#........#
#..<#.#
#.######.#
#.#####.#
#.# .#
#.......#
#.### #
#########
#.#..
#.#.#
#.#.#
#.#.###
#@#...#
#g†.#
#.#.#
#.#.#
#.#.#
#.#.#
#...#
#:... #.
..


You could see Ijyb.

Vanquished Creatures
  Jessica (D:2)
  An orc wizard (D:4)
  3 adders
  2 dart slugs (D:2)
  2 orcs (D:4)
  3 ball pythons
  5 bats
  11 endoplasms
  A giant cockroach (D:2)
  6 goblins
  7 hobgoblins
  4 jackals
  8 kobolds
  4 frilled lizards
  3 rats
61 creatures vanquished.

Notes
Turn   | Place    | Note
-------+----------+-------------------------------------------
     0 | D:1      | sweetbreads the Gargoyle Earth Elementalist began the quest
                  | for the Orb.
     0 | D:1      | Reached XP level 1. HP: 10/10 MP: 3/3
   150 | D:1      | Reached XP level 2. HP: 16/16 MP: 1/5
   382 | D:2      | You are sucked into a shaft and drop 2 floors!
   427 | D:4      | Reached skill level 1 in Fighting
   427 | D:4      | Reached skill level 1 in Transmutations
   427 | D:4      | Reached skill level 4 in Earth Magic
   427 | D:4      | Reached XP level 3. HP: 20/20 MP: 2/6
   431 | D:4      | Learned a level 3 spell: Stone Arrow
   477 | D:4      | Found a sacrificial altar of Ru.
   482 | D:4      | Reached skill level 1 in Conjurations
   499 | D:4      | Reached XP level 4. HP: 23/25 MP: 0/7
   650 | D:4      | Noticed Pikel
   650 | D:4      | Noticed a lemure
   650 | D:4      | Noticed a lemure
   650 | D:4      | Noticed a lemure
   650 | D:4      | Noticed a lemure
   847 | D:4      | Noticed a scorpion
   874 | D:4      | Noticed an ogre
   963 | D:5      | Entered Level 5 of the Dungeon
  1000 | D:5      | Noticed an ogre
  2034 | D:2      | Found Ynni's Antique Armour Shop.
  2140 | D:2      | Found a faded altar of an unknown god.
  2253 | D:2      | Noticed Jessica
  2255 | D:2      | Killed Jessica
  2256 | D:2      | Reached skill level 5 in Earth Magic
  2256 | D:2      | Reached XP level 5. HP: 30/30 MP: 5/8
  2265 | D:2      | Learned a level 4 spell: Petrify
  2469 | D:3      | Noticed Ijyb
  2557 | D:3      | Blown up by Ijyb

Illustrated notes

Levels and vault maps discovered:
D:1:      lemuel_arrival_behind_the_door_small, layout_loops_ring,
          roderic_st_hans_cross, st_stairs_12
D:2:      layout_rooms, serial_aquarium, aquarium_bridge_straight
          [aquarium_subvault_bridge, aquarium_subvault_wall,
          aquarium_subvault_bridge, aquarium_subvault_wall],
          aquarium_window_fake, aquarium_window_1, aquarium_window_corner,
          aquarium_view_2c, aquarium_view_2f, aquarium_pool_2, serial_shops,
          shop, basic_ecumenical_altar, kennysheep_path_1, uniq_jessica
D:3:      layout_basic, uniq_ijyb
D:4:      layout_loops_cross, nicolae_ru_great_annihilating_truth,
          temple_statues, uniq_pikel
D:5:      layout_rooms, serial_shops, shop, shop, lightli_minifort, uniq_duvessa

Skill      XL: |  1  2  3  4 |
---------------+-------------+-----
Fighting       | 1 |  1.9
Transmutations | 1 |  1.3
Earth Magic    | 4 5 |  5.1
Conjurations   | 1 |  1.5
Dodging        | 2 |  2.1
Stealth        | |  2.9
Spellcasting   | |  2.0

Action                     |  1- 3 |  4- 6 || total
---------------------------+-------+-------++-------
  Melee: Club              |     3 |       ||     3
         Mace              |     9 |    17 ||    26
   Cast: Sandblast         |    28 |    78 ||   106
 Armour: Robe              |    12 |    41 ||    53
  Dodge: Dodged            |    13 |   109 ||   122
